AoeStats
← 有个小草

Arabia

509086413Analyzed
1v1 RM · 7d ago on Sep 25, 2026· 43m 34s· 2 players
Game mode
Random Map
Map size
Tiny (2 player)
Population
200
Speed
Normal
Resources
Standard
Victory
Conquest
Starting age
Dark Age
Ending age
Imperial Age
RankedLock teamsTeams togetherTeam positionsShared explorationLock speedFull tech treeHidden civsTurbo modeCheats
Victory
Defeat
🇨🇳 Franks · China
1138
+15
🇺🇸 Aztecs · United States
1106
-15
JackalSwitch
6:50 Loom
9:36 Feudal Age
10:33 Man-at-Arms
11:38 Horse Collar
18:07 Wheelbarrow
21:17 Castle Age
20:28 Fletching
20:38 Double-Bit Axe
21:38 Padded Archer Armor
22:06 Heavy Plow
22:18 Crossbowman
23:23 Bow Saw
24:41 Bodkin Arrow
25:18 Pikeman
26:28 Gold Mining
27:21 Sanctity
28:50 Scale Mail Armor
30:15 Redemption
37:46 Imperial Age
35:56 Chain Mail Armor
36:22 Hand Cart
35:53 Town Watch
37:44 Fervor
37:37 Eagle Warrior
38:34 Forging
37:52 Long Swordsman
38:17 Gambesons
38:33 Squires
38:18 Arson
39:21 Conscription
39:16 Elite Eagle Warrior
42:14 Plate Mail Armor
有个小草
10:50 Feudal Age
10:34 Loom
20:28 Castle Age
18:50 Double-Bit Axe
24:03 Gold Mining
25:40 Wheelbarrow
28:43 Bow Saw
30:57 Devotion
31:52 Hand Cart
31:40 Light Cavalry
32:20 Husbandry
33:46 Scale Barding Armor
33:51 Forging
33:37 Elite Skirmisher
38:04 Imperial Age
36:17 Padded Archer Armor
36:09 Fletching
38:35 Chain Barding Armor
39:55 Plate Barding Armor
39:36 Leather Archer Armor
39:45 Cavalier
41:17 Conscription
Connection lost

Rejoining the realm…

Still unreachable

The connection could not be restored.

Session expired

The server has moved on; the page needs a fresh start.